 Dungeon Crawl Stone Soup version 0.30-a0-43-gbbf338a72c (webtiles) character file.

Game seed: 6155255817509684044

18 MrFrogsmire the Trooper (level 2, 0/24 HPs)
             Began as a Demonspawn Berserker on Sept 1, 2022.
             Was a Follower of Trog.
             Slain by an endoplasm (2 damage)
             ... on level 3 of the Dungeon.
             The game lasted 00:06:21 (419 turns).

MrFrogsmire the Trooper (Demonspawn Berserker)       Turns: 419, Time: 00:06:22

Health: 0/24       AC:  8    Str: 17    XL:     2   Next: 51%
Magic:  2/2        EV:  7    Int:  8    God:    Trog [*.....]
Gold:   27         SH:  0    Dex: 12    Spells: 1/1 levels left

rFire   + . .      SeeInvis .    a - +0 spear
rCold   x . .      Faith    .    (no shield)
rNeg    . . .      Spirit   .    d - +0 chain mail
rPois   .          Reflect  .    (helmet restricted)
rElec   .          Harm     .    (no cloak)
rCorr   .          Rampage  .    (no gloves)
Will    .....                    (no boots)
Stlth   ..........               (no amulet)
HPRegen 0.08/turn                c - ring of fire
MPRegen 0.08/turn                (no ring)

@: no status effects
A: antennae 1
a: Renounce Religion, Berserk


You were on level 3 of the Dungeon.
You worshipped Trog.
Trog was aware of your devotion.
You visited 1 branch of the dungeon, and saw 3 of its levels.

You collected 27 gold pieces.

Inventory:

Hand Weapons
 a - a +0 spear (weapon)
Missiles
 h - 5 stones (quivered)
Armour
 b - a +0 animal skin
 d - a +0 chain mail (worn)
Jewellery
 c - a ring of fire (left hand)
Scrolls
 e - 2 scrolls of identify
Potions
 f - 2 potions of curing
 g - a potion of berserk rage {unknown}


   Skills:
 + Level 3.3 Fighting
 + Level 3.1 Polearms
 + Level 1.9 Armour
 + Level 1.9 Dodging


You had one spell level left.
You didn't know any spells.
Your spell library was empty.

Dungeon Overview and Level Annotations

Branches:
Dungeon (3/15)

Altars:


Innate Abilities, Weirdness & Mutations

You have a pair of small antennae on your head.


Message History

The endoplasm quivers.
The endoplasm attacks as you move away!
The endoplasm hits you but does no damage.
The endoplasm attacks as you move away!
The endoplasm hits you but does no damage.
There is an open door here.
The endoplasm attacks as you move away! The endoplasm hits you.
The endoplasm attacks as you move away! The endoplasm closely misses you.
The endoplasm attacks as you move away! The endoplasm hits you.
The endoplasm attacks as you move away! The endoplasm hits you.
The endoplasm attacks as you move away!
The endoplasm hits you but does no damage.
The endoplasm attacks as you move away!
The endoplasm hits you but does no damage.
The endoplasm attacks as you move away!
The endoplasm hits you but does no damage.
The endoplasm attacks as you move away!
The endoplasm hits you but does no damage.
The endoplasm attacks as you move away! The endoplasm barely misses you.
A worm comes into view.
The endoplasm attacks as you move away! The endoplasm hits you.
An endoplasm comes into view.
The endoplasm quivers.
You hit the endoplasm.
The endoplasm is heavily wounded.
The endoplasm freezes you.
You are frozen.
You hit the endoplasm.
The endoplasm is severely wounded.
The endoplasm freezes you.
You are frozen.
You feel a terrible chill!
* * * LOW HITPOINT WARNING * * *
You hit the endoplasm.
You kill the endoplasm!
Trog accepts your kill. The endoplasm barely misses you.
The orc completely misses you. The orc hits you with a +0 club.
* * * LOW HITPOINT WARNING * * *
The endoplasm attacks as you move away! The endoplasm hits you.
You die...

...######### #..##......#
#######..##......#########
#.#....##..#'......'....o..#
...........#'......#######.#
.#.##...#†................#
#...<..#.....#############
######.#.............
..#.o@...##...!.
######.Jw...## ###
#............#
#.######'##..# #.##..#
......# .#....## #....... .
......


You could see a worm, an orc and an endoplasm.

Vanquished Creatures
  An adder (D:3)
  3 endoplasms
  A hobgoblin (D:1)
  2 jackals (D:1)
  A ball python (D:1)
  A bat (D:1)
9 creatures vanquished.

Notes
Turn   | Place    | Note
-------+----------+-------------------------------------------
     0 | D:1      | MrFrogsmire the Demonspawn Berserker began the quest for
                  | the Orb.
     0 | D:1      | Reached XP level 1. HP: 18/18 MP: 1/1
   305 | D:2      | Discovered your monstrous ancestry.
   305 | D:2      | Gained mutation: You have a pair of small antennae on your
                  | head. [demonic ancestry]
   305 | D:2      | Reached XP level 2. HP: 24/24 MP: 2/2
   419 | D:3      | Slain by an endoplasm

Illustrated notes

Levels and vault maps discovered:
D:1:      sevenhm_arrival_forest_fort_small_5, layout_basic, due_unseen_surprise
D:2:      layout_loops_ring, shapermc_ecumenical_altar_mp_urbaneastern,
          serial_shops, shop, amethyst_killhole, st_stairs_9,
          minmay_misc_feat_secret_circle, minmay_fractal_squares_gapless_5
D:3:      layout_basic, serial_shops, shop, skrybe_limestone_x, uniq_jessica

Skill      XL: |  1 |
---------------+----+-----
Polearms       | 3 |  3.1
Fighting       | |  3.3
Armour         | |  1.9
Dodging        | |  1.9

Action                   || total
-------------------------++-------
Melee: Spear             ||    34
Invok: Berserk           ||     1
  Use: Scroll            ||     2
Armor: Animal skin       ||     8
       Chain mail        ||     7
Dodge: Dodged            ||    25

Table legend: (Time is in decaauts)
 A = Elapsed time spent in this place.
 B = Non-inter-level travel time spent in this place.
 C = Inter-level travel time spent in this place.
 D = Time resting spent in this place.
 E = Time spent auto-exploring this place.
 F = Levels seen in this place.
 G = Mean time per level.
                   A        B        C        D        E       F      G
               +--------+--------+--------+--------+--------+-----+--------+
         Total |    427 |    152 |    275 |      0 |      0 |   3 |  142.3 |
       Dungeon |    427 |    152 |    275 |      0 |      0 |   3 |  142.3 |
               +--------+--------+--------+--------+--------+-----+--------+

Top non-repeatable levels by time:
     D:1: 295 daAuts
     D:3: 102 daAuts
     D:2: 29 daAuts
